2989 views
Uploaded 2020-06-03 13:53:29
Game version 1.32.6 / 1.32.7
15:07 long 2on2 ladder game on (4)LostTemple_LV
Saved by Redwood
2989 views
Uploaded 2020-06-03 13:53:29
Game version 1.32.6 / 1.32.7
15:07 long 2on2 ladder game on (4)LostTemple_LV


66 units @ 8.4k
/ 1.2k
32 buildings @ 5.4k
/ 1.9k


| Anti-magic Potion | 1 | 100 |
| Staff of Preservation | 1 | 150 |
| Potion of Healing | 2 | 300 |
| Scroll of Healing | 1 | 250 |
| Potion of Lesser Invulnerability | 1 | 150 |
| Scroll of Protection | 1 | 150 |
| total: | 7 | 1100g |
| Wisp | 21 | 1260 | / | 0 |
| Archer | 9 | 1170 | / | 90 |
| Mountain Giant | 2 | 700 | / | 200 |
| Dryad | 2 | 290 | / | 120 |
| Druid of the Claw | 4 | 1020 | / | 320 |
| total: | 38 | 4440g | / | 730w |
| Altar of Elders | 1 | 180 | / | 50 |
| Moon Well | 9 | 1620 | / | 360 |
| Ancient of War | 1 | 150 | / | 60 |
| Tree of Life | 1 | 340 | / | 185 |
| Hunter's Hall | 1 | 210 | / | 100 |
| Ancient of Wonders | 2 | 180 | / | 60 |
| Ancient of Lore | 2 | 310 | / | 290 |
| Tree of Ages | 1 | 320 | / | 180 |
| Tree of Eternity | 1 | 330 | / | 200 |
| total: | 17 | 2990g | / | 1105w |
| 0:01 | Wisp |
| 0:01 | Wisp |
| 0:02 | Wisp |
| 0:09 | Altar of Elders |
| 0:17 | Moon Well |
| 0:22 | Wisp |
| 0:40 | Ancient of War |
| 0:52 | Wisp |
| 1:03 | Wisp |
| 1:03 | Wisp |
| 1:08 | Wisp |
| 1:08 | Wisp |
| 1:27 | Moon Well |
| 1:40 | Archer |
| 1:56 | Wisp |
| 1:56 | Wisp |
| 2:28 | Fan of Knives |
| 2:31 | Tree of Life |
| 2:42 | Wisp |
| 2:42 | Wisp |
| 2:53 | Archer |
| 3:14 | Moon Well |
| 3:24 | Shadow Strike |
| 3:34 | Tree of Ages |
| 3:54 | Archer |
| 4:13 | Hunter's Hall |
| 4:19 | Archer |
| 4:41 | Archer |
| 4:48 | Ancient of Wonders |
| 4:49 | Wisp |
| 5:04 | Wisp |
| 5:05 | Archer |
| 5:10 | Wisp |
| 5:29 | Wisp |
| 6:18 | Frost Arrows |
| 6:45 | Wisp |
| 6:46 | Archer |
| 6:53 | Ancient of Lore |
| 6:54 | Ancient of Lore |
| 6:57 | Moon Well |
| 7:04 | Archer |
| 7:13 | Moon Well |
| 7:37 | Shadow Strike |
| 7:48 | Scroll of Healing |
| 7:48 | Potion of Lesser Invulnerability |
| 7:53 | Scroll of Protection |
| 8:02 | Tree of Eternity |
| 8:15 | Mountain Giant |
| 8:19 | Reinforced Hides |
| 8:20 | Druid of the Claw Adept Training |
| 8:30 | Ancient of Wonders |
| 8:52 | Dryad |
| 9:02 | Forked Lightning |
| 9:25 | Druid of the Claw |
| 9:26 | Archer |
| 9:31 | Strength of the Wild |
| 10:02 | Mountain Giant |
| 10:02 | Dryad |
| 10:32 | Druid of the Claw Master Training |
| 10:34 | Wisp |
| 10:34 | Wisp |
| 10:46 | Druid of the Claw |
| 11:15 | Moon Well |
| 11:26 | Hardened Skin |
| 11:44 | Anti-magic Potion |
| 11:49 | Staff of Preservation |
| 11:50 | Potion of Healing |
| 11:51 | Potion of Healing |
| 12:10 | Druid of the Claw |
| 12:11 | Druid of the Claw |
| 12:14 | Wisp |
| 12:59 | Moon Well |
| 13:00 | Moon Well |
| 13:00 | Moon Well |
| Right click | 1004 |
| Select | 472 |
| Select group | 451 |
| Misc. action | 222 |
| Chat | 122 |
| Build/train/purchase | 97 |
| Assign group | 63 |
| Use ability | 43 |
| Item give/drop | 2 |
| Remove unit | 2 |
| Esc | 2 |
| Minimap ping | 2 |



| Rod of Necromancy | 4 | 600 |
| Sacrificial Skull | 1 | 50 |
| Potion of Mana | 2 | 400 |
| Potion of Healing | 3 | 450 |
| Orb of Corruption | 1 | 375 |
| Scroll of Town Portal | 1 | 350 |
| Scroll of Healing | 2 | 500 |
| total: | 14 | 2725g |
| Acolyte | 12 | 900 | / | 0 |
| Ghoul | 4 | 480 | / | 0 |
| Crypt Fiend | 9 | 1935 | / | 360 |
| Obsidian Statue | 3 | 600 | / | 105 |
| total: | 28 | 3915g | / | 465w |
| Spirit Tower | 5 | 725 | / | 200 |
| Nerubian Tower | 1 | 100 | / | 20 |
| Graveyard | 1 | 215 | / | 0 |
| Crypt | 1 | 200 | / | 50 |
| Altar of Darkness | 1 | 180 | / | 50 |
| Ziggurat | 8 | 1200 | / | 400 |
| Tomb of Relics | 1 | 130 | / | 30 |
| Necropolis | 1 | 225 | / | 0 |
| Slaughterhouse | 2 | 280 | / | 270 |
| Halls of the Dead | 1 | 320 | / | 210 |
| Black Citadel | 1 | 325 | / | 230 |
| total: | 15 | 2430g | / | 800w |
| 0:03 | Acolyte |
| 0:05 | Graveyard |
| 0:06 | Crypt |
| 0:17 | Acolyte |
| 0:41 | Altar of Darkness |
| 0:55 | Ziggurat |
| 1:11 | Ghoul |
| 1:24 | Tomb of Relics |
| 1:47 | Crypt Fiend |
| 1:58 | Ziggurat |
| 2:20 | Crypt Fiend |
| 2:43 | Rod of Necromancy |
| 2:43 | Sacrificial Skull |
| 2:44 | Death Coil |
| 2:52 | Acolyte |
| 3:00 | Ghoul |
| 3:35 | Acolyte |
| 3:35 | Acolyte |
| 3:42 | Unholy Aura |
| 3:48 | Ziggurat |
| 4:00 | Ghoul |
| 4:13 | Acolyte |
| 4:14 | Acolyte |
| 4:37 | Ziggurat |
| 4:46 | Spirit Tower |
| 4:57 | Rod of Necromancy |
| 5:31 | Acolyte |
| 6:22 | Acolyte |
| 6:22 | Acolyte |
| 6:23 | Crypt Fiend |
| 7:10 | Acolyte |
| 7:13 | Halls of the Dead |
| 7:14 | Necropolis |
| 7:17 | Ghoul |
| 7:22 | Rod of Necromancy |
| 7:36 | Ziggurat |
| 7:38 | Ziggurat |
| 7:45 | Crypt Fiend |
| 8:04 | Death Coil |
| 8:10 | Crypt Fiend |
| 8:12 | Creature Attack |
| 8:14 | Creature Carapace |
| 8:36 | Nerubian Tower |
| 8:37 | Spirit Tower |
| 8:51 | Acolyte |
| 9:34 | Web |
| 9:52 | Black Citadel |
| 10:08 | Ziggurat |
| 10:10 | Ziggurat |
| 10:36 | Rod of Necromancy |
| 10:36 | Potion of Mana |
| 10:38 | Potion of Healing |
| 10:39 | Scroll of Town Portal |
| 10:42 | Crypt Fiend |
| 10:46 | Slaughterhouse |
| 10:50 | Frost Nova |
| 11:06 | Slaughterhouse |
| 11:12 | Potion of Healing |
| 11:12 | Potion of Mana |
| 11:12 | Potion of Healing |
| 11:15 | Crypt Fiend |
| 11:35 | Spirit Tower |
| 11:36 | Spirit Tower |
| 11:37 | Spirit Tower |
| 11:45 | Crypt Fiend |
| 12:13 | Orb of Corruption |
| 12:28 | Destroyer Form |
| 12:46 | Obsidian Statue |
| 13:02 | Scroll of Healing |
| 13:12 | Impale |
| 13:14 | Scroll of Healing |
| 13:33 | Obsidian Statue |
| 14:54 | Obsidian Statue |
| 14:54 | Crypt Fiend |
| Right click | 713 |
| Select group | 454 |
| Select | 354 |
| Assign group | 236 |
| Misc. action | 142 |
| Build/train/purchase | 94 |
| Use ability | 39 |
| Minimap ping | 9 |
| Item give/drop | 3 |
| Remove unit | 1 |
| Esc | 1 |
69 units @ 9k
/ 0.8k
32 buildings @ 4.8k
/ 1.7k



| Rod of Necromancy | 3 | 450 |
| Orb of Corruption | 1 | 375 |
| Potion of Healing | 1 | 150 |
| Scroll of Healing | 2 | 500 |
| Scroll of Town Portal | 1 | 350 |
| Potion of Lesser Invulnerability | 1 | 150 |
| Scroll of Protection | 1 | 150 |
| total: | 10 | 2125g |
| Acolyte | 7 | 525 | / | 0 |
| Ghoul | 3 | 360 | / | 0 |
| Crypt Fiend | 9 | 1935 | / | 360 |
| Obsidian Statue | 3 | 600 | / | 105 |
| Abomination | 3 | 720 | / | 210 |
| total: | 25 | 4140g | / | 675w |
| Spirit Tower | 2 | 290 | / | 80 |
| Crypt | 1 | 200 | / | 50 |
| Graveyard | 1 | 215 | / | 0 |
| Altar of Darkness | 1 | 180 | / | 50 |
| Ziggurat | 7 | 1050 | / | 350 |
| Tomb of Relics | 1 | 130 | / | 30 |
| Necropolis | 1 | 225 | / | 0 |
| Slaughterhouse | 1 | 140 | / | 135 |
| Halls of the Dead | 1 | 320 | / | 210 |
| Black Citadel | 1 | 325 | / | 230 |
| total: | 13 | 2140g | / | 615w |
| 0:02 | Acolyte |
| 0:05 | Crypt |
| 0:09 | Graveyard |
| 0:16 | Acolyte |
| 0:45 | Altar of Darkness |
| 0:54 | Ziggurat |
| 1:07 | Ghoul |
| 1:26 | Tomb of Relics |
| 1:47 | Crypt Fiend |
| 1:57 | Ziggurat |
| 2:18 | Crypt Fiend |
| 2:43 | Rod of Necromancy |
| 2:50 | Death Coil |
| 2:54 | Crypt Fiend |
| 3:38 | Crypt Fiend |
| 3:49 | Halls of the Dead |
| 4:07 | Unholy Aura |
| 4:09 | Crypt Fiend |
| 4:29 | Ziggurat |
| 4:42 | Creature Attack |
| 5:36 | Ghoul |
| 5:36 | Ghoul |
| 6:40 | Crypt Fiend |
| 6:41 | Black Citadel |
| 7:10 | Death Coil |
| 7:15 | Burrow |
| 7:31 | Slaughterhouse |
| 7:37 | Rod of Necromancy |
| 7:38 | Frost Nova |
| 7:46 | Ziggurat |
| 8:09 | Improved Creature Attack |
| 8:26 | Web |
| 8:38 | Obsidian Statue |
| 9:13 | Dark Ritual |
| 9:16 | Crypt Fiend |
| 9:18 | Obsidian Statue |
| 9:19 | Acolyte |
| 9:34 | Advanced Creature Attack |
| 9:59 | Rod of Necromancy |
| 10:00 | Scroll of Healing |
| 10:00 | Orb of Corruption |
| 10:01 | Potion of Healing |
| 10:02 | Impale |
| 10:39 | Necropolis |
| 10:49 | Destroyer Form |
| 11:19 | Scroll of Town Portal |
| 11:19 | Potion of Lesser Invulnerability |
| 11:20 | Scroll of Healing |
| 11:25 | Scroll of Protection |
| 11:36 | Unholy Aura |
| 11:51 | Creature Carapace |
| 12:08 | Frost Nova |
| 12:18 | Ziggurat |
| 12:19 | Ziggurat |
| 12:20 | Ziggurat |
| 12:21 | Acolyte |
| 12:21 | Acolyte |
| 12:22 | Acolyte |
| 12:22 | Acolyte |
| 12:25 | Crypt Fiend |
| 12:41 | Obsidian Statue |
| 12:46 | Abomination |
| 13:25 | Disease Cloud |
| 13:37 | Crypt Fiend |
| 13:40 | Unholy Armor |
| 13:43 | Spirit Tower |
| 13:44 | Spirit Tower |
| 14:35 | Spiked Carapace |
| 14:50 | Abomination |
| 14:51 | Abomination |
| Select group | 1490 |
| Right click | 643 |
| Select | 221 |
| Chat | 214 |
| Misc. action | 157 |
| Build/train/purchase | 80 |
| Assign group | 44 |
| Use ability | 33 |
| Minimap ping | 5 |
| Item give/drop | 3 |
| Remove unit | 1 |
| Esc | 1 |
⇛
phiL
(6)
(15:06) : 

| Potion of Healing | 1 | 150 |
| Scroll of Regeneration | 1 | 100 |
| Lesser Clarity Potion | 1 | 70 |
| Scroll of Town Portal | 1 | 350 |
| Scroll of Healing | 2 | 500 |
| Potion of Lesser Invulnerability | 1 | 150 |
| total: | 7 | 1320g |
| Peasant | 22 | 1650 | / | 0 |
| Footman | 15 | 2025 | / | 0 |
| Priest | 3 | 405 | / | 30 |
| Spell Breaker | 3 | 645 | / | 90 |
| Sorceress | 1 | 155 | / | 20 |
| total: | 44 | 4880g | / | 140w |
| Scout Tower | 1 | 30 | / | 20 |
| Arcane Tower | 1 | 70 | / | 50 |
| Altar of Kings | 1 | 180 | / | 50 |
| Farm | 7 | 560 | / | 140 |
| Barracks | 1 | 160 | / | 60 |
| Town Hall | 2 | 770 | / | 410 |
| Arcane Vault | 2 | 260 | / | 60 |
| Lumber Mill | 2 | 240 | / | 0 |
| Blacksmith | 1 | 140 | / | 60 |
| Arcane Sanctum | 2 | 300 | / | 280 |
| Keep | 1 | 320 | / | 210 |
| Castle | 1 | 360 | / | 210 |
| total: | 19 | 2640g | / | 1080w |
| 0:01 | Peasant |
| 0:01 | Peasant |
| 0:05 | Altar of Kings |
| 0:17 | Farm |
| 0:18 | Barracks |
| 0:28 | Peasant |
| 0:35 | Peasant |
| 0:50 | Peasant |
| 1:02 | Farm |
| 1:16 | Peasant |
| 1:20 | Footman |
| 1:25 | Farm |
| 1:41 | Footman |
| 1:57 | Footman |
| 1:58 | Peasant |
| 2:04 | Summon Water Elemental |
| 2:08 | Footman |
| 2:10 | Peasant |
| 2:44 | Brilliance Aura |
| 2:44 | Peasant |
| 2:54 | Town Hall |
| 3:17 | Footman |
| 3:18 | Peasant |
| 3:18 | Peasant |
| 3:20 | Scout Tower |
| 3:33 | Farm |
| 3:57 | Arcane Tower |
| 4:08 | Footman |
| 4:08 | Peasant |
| 4:09 | Peasant |
| 4:13 | Peasant |
| 4:30 | Peasant |
| 4:35 | Defend |
| 4:50 | Footman |
| 4:50 | Footman |
| 5:16 | Summon Water Elemental |
| 5:39 | Footman |
| 5:39 | Keep |
| 6:18 | Footman |
| 7:04 | Arcane Vault |
| 7:12 | Footman |
| 7:12 | Footman |
| 7:35 | Footman |
| 7:40 | Scroll of Town Portal |
| 7:40 | Scroll of Healing |
| 7:41 | Potion of Lesser Invulnerability |
| 8:02 | Arcane Sanctum |
| 8:04 | Arcane Sanctum |
| 8:14 | Footman |
| 8:16 | Farm |
| 8:35 | Peasant |
| 8:37 | Peasant |
| 8:37 | Peasant |
| 8:43 | Brilliance Aura |
| 8:59 | Storm Bolt |
| 9:02 | Potion of Healing |
| 9:02 | Scroll of Regeneration |
| 9:02 | Lesser Clarity Potion |
| 9:06 | Town Hall |
| 9:08 | Footman |
| 9:18 | Lumber Mill |
| 9:24 | Priest |
| 9:37 | Farm |
| 9:39 | Farm |
| 10:37 | Peasant |
| 10:37 | Peasant |
| 10:40 | Peasant |
| 10:40 | Peasant |
| 10:58 | Bash |
| 11:12 | Priest |
| 11:13 | Spell Breaker |
| 11:15 | Lumber Mill |
| 11:25 | Scroll of Healing |
| 11:46 | Spell Breaker |
| 12:00 | Castle |
| 12:15 | Blacksmith |
| 12:52 | Spell Breaker |
| 14:19 | Arcane Vault |
| 15:01 | Priest |
| 15:01 | Sorceress |
| Select group | 1522 |
| Right click | 954 |
| Select | 405 |
| Chat | 346 |
| Misc. action | 151 |
| Build/train/purchase | 118 |
| Assign group | 74 |
| Resource trade | 30 |
| Use ability | 14 |
| Minimap ping | 5 |
| Remove unit | 2 |
| Item give/drop | 1 |